 Dungeon Crawl Stone Soup version 0.32-a0-768-g0f6f1dd4b9 (webtiles) character file.

Game seed: 12396741237706241709

240 Doorstop00 the Chopper (level 5, 0/47 HPs)
             Began as a Minotaur Berserker on Mar 18, 2024.
             Was a Believer of Trog.
             Slain by an orc
             ... wielding a +0 falchion
              (2 damage)
             ... on level 4 of the Dungeon.
             The game lasted 00:10:42 (2659 turns).

Doorstop00 the Chopper (Minotaur Berserker)         Turns: 2659, Time: 00:10:43

Health: 0/47       AC:  5    Str: 24    XL:     5   Next: 80%
Magic:  4/4        EV: 10    Int:  4    God:    Trog [**....]
Gold:   260        SH:  0    Dex:  9    Spells: 4/4 levels left

rFire   . . .        a - +0 hand axe
rCold   + . .        (no shield)
rNeg    . . .        i - +0 ring mail
rPois   .            (helmet restricted)
rElec   .            (no cloak)
rCorr   .            (no gloves)
SInv    .            (no boots)
Will    .....        (no amulet)
Stlth   +            e - ring of protection from cold
HPRegen 0.27/turn    (no ring)
MPRegen 0.09/turn

%: no passive effects
@: no status effects
A: horns 2, retaliatory headbutt
a: Renounce Religion, Berserk, Trog's Hand


You were on level 4 of the Dungeon.
You worshipped Trog.
Trog was pleased with you.
You visited 1 branch of the dungeon, and saw 4 of its levels.

You collected 317 gold pieces.
You spent 57 gold pieces at shops.

Inventory:

Hand Weapons
 a - a +0 hand axe (weapon)
Armour
 i - a +0 ring mail (worn)
Jewellery
 e - a ring of protection from cold (left hand)
Scrolls
 b - a scroll of enchant armour {unknown}
 c - a scroll of identify
 f - a scroll of blinking
 g - a scroll of fog {unknown}
 h - a scroll of brand weapon
 j - a scroll of poison {unknown}
 k - a scroll of amnesia {unknown}
Potions
 d - 2 potions of curing


   Skills:
 * Level 4.9 Fighting
 * Level 5.6(5.7) Axes
 * Level 1.7(3.9) Maces & Flails
 * Level 3.5 Armour
 * Level 3.2 Dodging
 + Level 0.5 Stealth


You had 4 spell levels left.
You didn't know any spells.
Your spell library was empty.

Dungeon Overview and Level Annotations

Branches:
Dungeon (4/15)
 Temple: D:4-7

Altars:
Kikubaaqudgha
Sif Muna
Trog

Shops:
D:1 !:?[=


Innate Abilities, Weirdness & Mutations

You have a pair of horns on your head.
You reflexively headbutt those who attack you in melee.


Message History

You hear some strange, mumbled words.
Something tries to affect you, but you resist.
You closely miss something. Your headbutt misses something.
You closely miss the orc. The orc barely misses you.
Something hits you but does no damage.
You are too confused!
You bump into the rock wall.
The orc hits you but does no damage. Something hits you.
You bump into the rock wall.
The orc hits you with a +0 falchion.
* * * LOW HITPOINT WARNING * * *
Something hits you but does no damage.
You feel less confused. Something hits you but does no damage.
The orc attacks as it pursues you! The orc closely misses you.
You closely miss the orc. You barely miss something. You hit the orc.
The orc hits you with a +0 falchion.
* * * LOW HITPOINT WARNING * * *
Something hits you but does no damage.
You closely miss the orc. You headbutt the orc, but do no damage.
The orc is lightly wounded.
You barely miss something. The orc misses you. Something hits you.
* * * LOW HITPOINT WARNING * * *
You hit the orc but do no damage.
The orc is lightly wounded.
You hit something. The orc barely misses you.
You hear some strange, mumbled words.
A puff of flame appears from out of thin air!
The puff of flame misses you.
You barely miss the orc. You completely miss something.
The orc hits you with a +0 falchion.
* * * LOW HITPOINT WARNING * * *
Something hits you.
* * * LOW HITPOINT WARNING * * *
You miss something. You hit the orc. The orc hits you with a +0 falchion.
* * * LOW HITPOINT WARNING * * *
Something hits you.
* * * LOW HITPOINT WARNING * * *
You miss something. You hit the orc. The orc hits you with a +0 falchion.
You die...

#......# ##....## #...##
##.## #..#### ##.....###
#........####
#..........o#### .
#........###@{.<####....
#.......:# ####.........
#.........# ####......
#.........# .....
..##......# .... .#
###..### ... ### ##


You could see an orc.

Vanquished Creatures
  A hound (D:4)
  An orc priest (D:3)
  A jelly (D:4)
  3 adders (D:2)
  4 gnolls (D:3)
  A white imp (D:3)
  2 dart slugs (D:1)
  2 ribbon worms (D:2)
  6 orcs
  8 bats
  A bat zombie (D:3)
  4 endoplasms
  5 giant cockroaches
  4 goblins
  3 hobgoblins
  A quokka (D:4)
  2 ball pythons
  5 frilled lizards
  A frilled lizard zombie (D:3)
  7 kobolds
  7 rats
69 creatures vanquished.

Notes
Turn   | Place    | Note
-------+----------+-------------------------------------------
     0 | D:1      | Doorstop00 the Minotaur Berserker began the quest for the
                  | Orb.
     0 | D:1      | Reached XP level 1. HP: 19/19 MP: 0/0
   135 | D:1      | Found Viado's Magic Scroll Boutique.
   147 | D:1      | Bought a scroll of identify for 24 gold pieces
   191 | D:1      | Found Xudd's Book Shoppe.
   204 | D:1      | Reached XP level 2. HP: 24/27 MP: 1/1
   347 | D:1      | Found Tenlutt's Distillery.
   355 | D:1      | Bought a potion of curing for 33 gold pieces
   581 | D:1      | Reached skill level 4 in Axes
   599 | D:1      | Found Rekut's Antique Armour Boutique.
   710 | D:1      | Found Wyunupnao's Jewellery Shoppe.
   846 | D:2      | Reached XP level 3. HP: 33/33 MP: 2/2
  1077 | D:2      | Reached ** piety under Trog
  1472 | D:2      | Reached XP level 4. HP: 34/41 MP: 3/3
  1697 | D:3      | Reached skill level 1 in Maces & Flails
  1782 | D:3      | Found a faded altar of an unknown god.
  1888 | D:3      | Found a shimmering blue altar of Sif Muna.
  1896 | D:3      | Reached skill level 5 in Axes
  1918 | D:3      | Found a bloodstained altar of Trog.
  2025 | D:3      | Found an ancient bone altar of Kikubaaqudgha.
  2074 | D:3      | Reached XP level 5. HP: 28/47 MP: 4/4
  2658 | D:4      | HP: 2/47 [something (1)]
  2659 | D:4      | Slain by an orc

Illustrated notes

Levels and vault maps discovered:
D:1:      mainiacjoe_arrival_reflecting_pool, layout_basic, serial_shops,
          shop_coins, shop_statue, shop_fountains, shop, shop
D:2:      layout_loops_ring
D:3:      minmay_wonky_spiral, layout_basic,
          nzn_overflow_gifts_of_might_and_magic,
          lemuel_zombie_altar_kikubaaqudgha,
          dreamdust_ecumenical_altar_angels_and_demons
D:4:      layout_cave_pods, nicolae_ossuary_entry_giza, portal_sewer_entry_c,
          uniq_menkaure

Skill      XL: |  1  2  3  4 |
---------------+-------------+-----
Fighting       | 4 |  4.9
Axes           | 4 5 |  5.6
Maces & Flails | 1 |  1.7
Armour         | 3 |  3.5
Dodging        | 3 |  3.2
Stealth        | |  0.5

Action                     |  1- 3 |  4- 6 || total
---------------------------+-------+-------++-------
  Melee: Hand axe          |    81 |   102 ||   183
         Headbutt          |     9 |    19 ||    28
 Invoke: Berserk           |       |     1 ||     1
    Use: Potion            |     1 |       ||     1
         Scroll            |       |     4 ||     4
 Armour: Animal skin       |    40 |       ||    40
         Ring mail         |    13 |    81 ||    94
  Dodge: Dodged            |    51 |    44 ||    95

Table legend: (Time is in decaauts)
 A = Elapsed time spent in this place.
 B = Non-inter-level travel time spent in this place.
 C = Inter-level travel time spent in this place.
 D = Time resting spent in this place.
 E = Time spent auto-exploring this place.
 F = Levels seen in this place.
 G = Mean time per level.
                   A        B        C        D        E       F      G
               +--------+--------+--------+--------+--------+-----+--------+
         Total |   2685 |   2668 |     17 |      0 |   1800 |   4 |  671.2 |
       Dungeon |   2685 |   2668 |     17 |      0 |   1800 |   4 |  671.2 |
               +--------+--------+--------+--------+--------+-----+--------+

Top non-repeatable levels by time:
     D:3: 875 daAuts
     D:2: 840 daAuts
     D:1: 832 daAuts
     D:4: 137 daAuts
